 Dungeon Crawl Stone Soup version 0.21.1-1-g345015fe64 (webtiles) character file.

163 Nautrax the Firebug (level 5, -1/39 HPs)
             Began as a Draconian Fire Elementalist on June 11, 2018.
             Killed from afar by Hercules1031's ghost (8 damage)
             ... with a magic dart
             ... on level 3 of the Dungeon.
             The game lasted 00:24:35 (3164 turns).

Nautrax the Firebug (Draconian Fire Elementalist)   Turns: 3164, Time: 00:24:36

Health: -1/39      AC:  5    Str: 10    XL:     5   Next: 20%
Magic:  5/8        EV: 12    Int: 17    God:
Gold:   65         SH:  0    Dex: 11    Spells: 3/9 levels left

rFire    . . .     SeeInvis .   c - +1 dagger
rCold    . . .     Gourm    .   (no shield)
rNeg     . . .     Faith    .   (armour unavailable)
rPois    .         Spirit   .   (helmet restricted)
rElec    .         Reflect  .   (no cloak)
rCorr    .         Harm     .   (no gloves)
MR       .....                  (no boots)
Stlth    ++........             (no amulet)
HPRegen  0.13/turn              (no ring)
MPRegen  0.11/turn              (no ring)

@: no status effects
A: unfitting armour, cold-blooded, AC +5
a: no special abilities


You were on level 3 of the Dungeon.
You were hungry.

You visited 1 branch of the dungeon, and saw 3 of its levels.

You collected 65 gold pieces.

Inventory:

Hand Weapons
 c - a +1 dagger (weapon)
 d - a +0 dagger
 i - a +2 whip of flaming {I}
 l - a +0 dagger
 n - a +0 whip
 o - a +0 dagger
 p - a +0 club
 q - a +0 dagger
 r - a +0 club
 s - a +0 club
 t - a +0 flail
 v - a +0 long sword
 y - a +0 club
 D - a +0 hunting sling
 E - a +0 club
 H - a +0 short sword
 L - a +0 dagger
 M - a +0 whip
Missiles
 k - 29 poisoned needles
 x - 3 curare-tipped needles
 z - 10 arrows
 N - 2 tomahawks (quivered)
Armour
 g - a cursed +0 large shield
 h - a +0 robe
 m - a +0 chain mail
 A - a +0 scale mail
 B - a +0 chain mail
 F - a +0 robe
 I - a +0 scale mail
 K - a +0 ring mail
 O - a +0 ring mail
Scrolls
 u - a scroll of identify
Potions
 e - 2 potions of curing
 f - 2 potions of heal wounds
 j - a potion of cancellation {unknown}
 w - a potion of ambrosia {unknown}
 C - a potion of berserk rage {unknown}
 G - a potion of might {unknown}
Books
 a - a book of Flames

   Spells                             Type                      Level
   a - Flame Tongue                   Conjuration/Fire             1
   b - Throw Flame                    Conjuration/Fire             2
   c - Conjure Flame                  Conjuration/Fire             3
   d - Inner Flame                    Hexes/Fire                   3
   e - Sticky Flame                   Conjuration/Fire             4
   f - Fireball                       Conjuration/Fire             5
Comestibles
 b - 3 rations


   Skills:
 + Level 0.6 Fighting
 - Level 0.2 Short Blades
 + Level 2.1 Dodging
 + Level 2.4 Stealth
 + Level 2.5 Spellcasting
 - Level 1.1 Conjurations
 - Level 5.0 Fire Magic


You had 3 spell levels left.
You knew the following spells:

 Your Spells              Type           Power        Failure   Level  Hunger
a - Flame Tongue          Conj/Fire      ##...        5%          1    #......
b - Throw Flame           Conj/Fire      ##....       8%          2    ##.....
c - Inner Flame           Hex/Fire       ##......     21%         3    ###....


Dungeon Overview and Level Annotations

Branches:
Dungeon (3/15)

Altars:

Annotations:
D:2 Sigmund
D:3 Hercules1031's ghost, amateur DrWn


Innate Abilities, Weirdness & Mutations

Your plain brown scales are hard. (AC +5)
You cannot fit into any form of body armour.
You are cold-blooded and may be slowed by cold attacks.


Message History

You barely miss Hercules1031's ghost.
Your tail-slap misses Hercules1031's ghost.
Hercules1031's ghost closely misses you.
You miss Hercules1031's ghost. Hercules1031's ghost hits you.
Press: ? - help, v - describe, . - travel A rock wall.
Hercules1031's ghost screams, "Don't try to defend!
You have no chance!"
Hercules1031's ghost points at you and mumbles some strange words.
The magic dart hits you!
There is an open door here.
Hercules1031's ghost gestures at you while chanting.
The magic dart hits you!
Hercules1031's ghost gestures at you while chanting.
The magic dart hits you!
Hercules1031's ghost casts a spell at you.
The magic dart hits you!
* * * LOW HITPOINT WARNING * * *
Hercules1031's ghost points at you and mumbles some strange words.
The magic dart hits you!
You die...

.#.##.# #.#
#.#.................
.#'##.# #.#
#.#...############..
....#.# #.# #.#...# ..
....#.###.####.#...######
.
....#.(..................
..).......#####......####
.#.######## #......#
.#+############......#
.....#........#.@....#
.....#........#......#
.....#........#......#
.....'........#..W...#
.....#........##.#o###
.....###########.#.#
.....# #.#.# .....#
#.#.####... .....#
#.#[)......


You could see Hercules1031's ghost and an orc.

Vanquished Creatures
  An orc wizard (D:3)
  Terence (D:3)
  4 adders
  An ooze (D:1)
  2 dart slugs (D:2)
  3 leopard geckos
  7 orcs (D:3)
  3 ball pythons
  10 goblins
  6 hobgoblins
  A quokka (D:2)
  5 bats
  4 frilled lizards
  6 kobolds (D:1)
  A rat (D:1)
55 creatures vanquished.

Notes
Turn   | Place    | Note
-------+----------+-------------------------------------------
     0 | D:1      | Nautrax the Draconian Fire Elementalist began the quest for the Orb.
     0 | D:1      | Reached XP level 1. HP: 14/14 MP: 3/3
   131 | D:1      | Reached XP level 2. HP: 14/20 MP: 0/5
   486 | D:1      | Learned a level 1 spell: Flame Tongue
   489 | D:1      | Learned a level 2 spell: Throw Flame
   782 | D:1      | Reached skill level 4 in Fire Magic
   853 | D:1      | Reached XP level 3. HP: 26/26 MP: 2/6
   896 | D:1      | Learned a level 3 spell: Inner Flame
  1336 | D:2      | Noticed Sigmund
  2089 | D:3      | Reached XP level 4. HP: 34/34 MP: 5/7
  2484 | D:3      | Noticed Terence
  2507 | D:3      | Killed Terence
  2693 | D:3      | Reached skill level 5 in Fire Magic
  2795 | D:3      | Reached XP level 5. HP: 36/39 MP: 0/8
  3141 | D:3      | Noticed Hercules1031's ghost (amateur DrWn)
  3164 | D:3      | Killed from afar by Hercules1031's ghost

Skill      XL: |  1  2  3  4 |
---------------+-------------+-----
Fire Magic     | 4 5 |  5.0
Dodging        | 2 |  2.1
Stealth        | 2 |  2.4
Fighting       | |  0.6
Short Blades   | |  0.2
Spellcasting   | |  2.5
Conjurations   | |  1.1

Action                   |  1- 3 |  4- 6 || total
-------------------------+-------+-------++-------
Melee: Unarmed           |     9 |       ||     9
       Tailslap          |     6 |     6 ||    12
       Dagger            |    53 |    42 ||    95
 Cast: Flame Tongue      |    42 |    24 ||    66
       Throw Flame       |    15 |    13 ||    28
       Inner Flame       |     1 |       ||     1
  Use: Scroll            |     9 |     1 ||    10
  Eat: Chunk             |     2 |     4 ||     6
       Ration            |     1 |       ||     1
Armor: Skin              |    22 |    17 ||    39
Dodge: Dodged            |    51 |    26 ||    77
